 Dungeon Crawl Stone Soup version 0.24.0-35-gdb84b6a5db (webtiles) character file.

Game seed: 12917474471117792718, levelgen mode: deterministic

4382 Nattfarinn the Nimble (level 10, -2/65 HPs)
             Began as a Merfolk Transmuter on Nov 19, 2019.
             Was an Elder of Cheibriados.
             Slain by a hippogriff (4 damage)
             ... on level 9 of the Dungeon.
             The game lasted 00:28:54 (7434 turns).

Nattfarinn the Nimble (Merfolk Transmuter)          Turns: 7434, Time: 00:28:56

Health: -2/65      AC: 11    Str: 26    XL:     10   Next: 35%
Magic:  11/13      EV: 11    Int: 27    God:    Cheibriados [****..]
Gold:   104        SH:  0    Dex: 23    Spells: 4/13 levels left

rFire    . . .     SeeInvis +     - Unarmed
rCold    . . .     Gourm    .   (shield currently unavailable)
rNeg     . . .     Faith    .   D - +1 ring mail of Knowledge {Str+4 Int+4} (curse)
rPois    .         Spirit   .   m - +1 helmet {SInv}
rElec    .         Reflect  .   t - +0 cloak
rCorr    .         Harm     .   (gloves currently unavailable)
MR       .....                  (no boots)
Stlth    +.........             s - amulet of regeneration
HPRegen  0.60/turn              l - +2 ring of protection
MPRegen  0.13/turn              e - ring of wizardry

@: blade hands, petrifying, very slow
A: change form in water, swift swim, stealthy swim
a: End Transformation, Bend Time, Temporal Distortion, Slouch, Renounce Religion


You were on level 9 of the Dungeon.
You worshipped Cheibriados.
Cheibriados was greatly pleased with you.
You were hungry.
You had blades for hands.
You visited 2 branches of the dungeon, and saw 10 of its levels.

You collected 521 gold pieces.
You spent 417 gold pieces at shops.

Inventory:

Hand Weapons
 z - a +1 trident of venom (melded)
Missiles
 a - 88 arrows
Armour
 b - a +0 robe
 m - a +1 helmet of see invisible (worn)
 t - a +0 cloak (worn)
 w - a +0 scale mail
 D - the cursed +1 ring mail of Knowledge (worn) {Str+4 Int+4}
   (You bought it in a shop on level 8 of the Dungeon)

   It affects your strength (+4).
   It affects your intelligence (+4).
   It has a curse placed upon it.
Jewellery
 e - a ring of wizardry (right scythe-like blade)
 l - a +2 ring of protection (left scythe-like blade)
 n - an uncursed ring of protection from fire
 s - an amulet of regeneration (around neck)
 B - an uncursed ring of positive energy
Wands
 C - a wand of flame (14)
 H - a wand of digging (2)
 I - a wand of acid (4)
Scrolls
 c - 3 scrolls of magic mapping
 f - 2 scrolls of fog
 i - 5 scrolls of teleportation
 o - a scroll of blinking {unknown}
 q - 4 scrolls of amnesia
 r - 2 scrolls of immolation {unknown}
 u - 2 scrolls of identify
 v - 2 scrolls of enchant armour {unknown}
 y - 2 scrolls of fear {unknown}
 E - a scroll of noise {unknown}
 F - 2 scrolls of remove curse {unknown}
Potions
 g - 3 potions of curing
 h - a potion of mutation {unknown}
 j - a potion of might {unknown}
 k - 2 potions of magic {unknown}
 p - a potion of heal wounds {unknown}
 x - a potion of brilliance {unknown}
 A - 2 potions of agility {unknown}
 G - 2 potions of lignification {unknown}
 J - a potion of berserk rage {unknown}
Comestibles
 d - 23 rations
 K - 3 chunks of flesh


   Skills:
 - Level 1.1 Fighting
 * Level 12.2 Dodging
 + Level 8.0 Unarmed Combat
 - Level 2.0 Spellcasting
 * Level 12.1 Transmutations


You had 4 spell levels left.
You knew the following spells:

 Your Spells              Type           Power        Failure   Level  Hunger
a - Beastly Appendage     Tmut           ######       2%          1    None
b - Spider Form           Tmut/Pois      #####.....   12%         3    ###....
c - Blade Hands           Tmut           ######....   10%         5    ######.

Your spell library contained the following spells:

 Spells                   Type           Power        Failure   Level  Hunger
 Sticks to Snakes         Tmut           ######..     3%          2    ##.....
 Ice Form                 Ice/Tmut       #####...     22%         4    ####...
 Summon Small Mammal      Summ           #...         26%         1    None
 Call Imp                 Summ           #.......     32%         2    ##.....
 Call Canine Familiar     Summ           #.......     47%         3    ###....
 Summon Guardian Golem    Hex/Summ       #.......     47%         3    ###....
 Summon Ice Beast         Ice/Summ       #.......     78%         4    ####...
 Summon Lightning Spire   Summ/Air       #.......     78%         4    ####...


Dungeon Overview and Level Annotations

Branches:
Dungeon (9/15)             Temple (1/1) D:4            Lair (0/6) D:9
    Orc: D:9-12

Altars:
Cheibriados
Dithmenos
Fedhas
Gozag
Kikubaaqudgha
Makhleb
Trog
Uskayaw
Vehumet
Xom
Yredelemnul
Zin

Shops:
D:8 *


Message History

* * * LOW HITPOINT WARNING * * *
The hippogriff completely misses you. x2
The hippogriff claws you but does no damage.
You feel better.
The gnoll hits you from afar with a +0 halberd!
* * * LOW HITPOINT WARNING * * *
The basilisk gazes at you.
You are slowing down.
The hippogriff bites you.
* * * LOW HITPOINT WARNING * * *
The hippogriff pecks you but does no damage.
The hippogriff barely misses you. The yak closely misses you.
You barely miss the basilisk. The gnoll closely misses you.
The basilisk gazes at you. You resist with some effort.
The hippogriff bites you.
* * * LOW HITPOINT WARNING * * *
The hippogriff pecks you!
* * * LOW HITPOINT WARNING * * *
The hippogriff claws you.
You die...

.........#
########.#
#.#
########.#
.........#
########.#
##########.#
.........Y.#
........@lg#
....#####H.#
......###g.#
.......#...#
......)g...#
.>.........#
....P...#..#
.......##..#
......# #..#


You could see a hippogriff, a yak, a basilisk and 2 gnolls.

Vanquished Creatures
  Harold (D:9)
  A two-headed ogre (D:9)
  A hungry ghost (D:8)
  2 swamp worms (D:8)
  A water moccasin (D:5)
  3 orc warriors
  A sky beast (D:5)
  3 ogres
  A phantom (D:7)
  A crocodile (D:9)
  5 bullfrogs
  A gnoll sergeant (D:9)
  3 killer bees (D:8)
  A scorpion (D:7)
  5 crimson imps
  3 hounds
  6 orc priests
  A jelly (D:5)
  4 orc wizards
  Crazy Yiuf (D:4)
  A bullfrog skeleton (D:7)
  Terence (D:3)
  Natasha (thrice) (D:3)
  2 iguanas
  4 worker ants (D:4)
  2 hound zombies
  2 hound skeletons
  Robin (D:3)
  A gnoll (D:9)
  11 adders
  2 shadow imps
  An ooze (D:1)
  3 worms
  2 dart slugs
  5 leopard geckos
  23 orcs
  5 bats
  4 giant cockroaches
  10 goblins
  19 hobgoblins
  10 jackals
  6 kobolds
  5 quokkas
  9 ball pythons
  5 frilled lizards
  A giant cockroach zombie (D:5)
  A quokka skeleton (D:5)
  11 rats
195 creatures vanquished.

Vanquished Creatures (others)
  A fungus (D:9)
  2 plants (D:8)
3 creatures vanquished.

Grand Total: 198 creatures vanquished

Notes
Turn   | Place    | Note
-------+----------+-------------------------------------------
     0 | D:1      | Nattfarinn the Merfolk Transmuter began the quest for the
                  | Orb.
     0 | D:1      | Reached XP level 1. HP: 15/15 MP: 3/3
   130 | D:1      | Reached XP level 2. HP: 18/21 MP: 3/5
   443 | D:1      | Reached XP level 3. HP: 24/26 MP: 4/6
  1197 | D:2      | Reached XP level 4. HP: 27/32 MP: 5/7
  1707 | D:2      | Learned a level 3 spell: Spider Form
  1910 | D:3      | Reached XP level 5. HP: 35/37 MP: 4/8
  1928 | D:3      | Reached skill level 5 in Transmutations
  2027 | D:3      | Noticed Natasha
  2036 | D:3      | Killed Natasha
  2036 | D:3      | Reached skill level 5 in Dodging
  2158 | D:3      | Reached XP level 6. HP: 35/43 MP: 5/9
  2371 | D:3      | Noticed Robin
  2413 | D:3      | Killed Robin
  2483 | D:3      | Noticed Terence
  2489 | D:3      | Noticed Natasha
  2499 | D:3      | Killed Terence
  2501 | D:3      | Killed Natasha
  2546 | D:3      | Noticed Natasha
  2552 | D:3      | Killed Natasha
  2613 | D:3      | Found a faded altar of an unknown god.
  3115 | D:4      | Reached XP level 7. HP: 40/48 MP: 8/10
  3728 | D:4      | Found a radiant altar of Vehumet.
  3728 | D:4      | Found a burning altar of Makhleb.
  3740 | D:4      | Reached skill level 5 in Unarmed Combat
  3783 | D:4      | Found a staircase to the Ecumenical Temple.
  3839 | D:4      | Found a runed translucent door.
  3840 | D:4      | Noticed Crazy Yiuf
  3974 | Temple   | Entered the Ecumenical Temple
  3980 | Temple   | Became a worshipper of Cheibriados the Contemplative
  4051 | D:4      | Killed Crazy Yiuf
  4091 | D:5      | Entered Level 5 of the Dungeon
  4212 | D:5      | Learned a level 5 spell: Blade Hands
  4696 | D:5      | Reached * piety under Cheibriados
  5197 | D:5      | Reached XP level 8. HP: 13/54 MP: 7/11
  5767 | D:7      | Reached ** piety under Cheibriados
  5769 | D:6      | HP: 1/54 [orc wizard/puff of flame (8)]
  6011 | D:7      | Found a shadowy altar of Dithmenos.
  6051 | D:7      | Reached XP level 9. HP: 52/59 MP: 12/12
  6133 | D:7      | Reached skill level 10 in Dodging
  6145 | D:7      | Reached skill level 10 in Transmutations
  6215 | D:7      | Reached *** piety under Cheibriados
  6931 | D:8      | Found Fuczuc's General Store.
  6939 | D:8      | Bought the cursed +1 ring mail of Knowledge {Str+4 Int+4}
                  | for 417 gold pieces
  7061 | D:8      | Found a hide-covered altar of Uskayaw.
  7177 | D:9      | Noticed Harold
  7189 | D:9      | Killed Harold
  7189 | D:9      | Reached XP level 10. HP: 43/65 MP: 7/13
  7239 | D:9      | Noticed a two-headed ogre
  7253 | D:9      | Killed a two-headed ogre
  7413 | D:9      | Found a staircase to the Lair.
  7431 | D:9      | Reached **** piety under Cheibriados
  7434 | D:9      | HP: 2/65 [hippogriff (4)]
  7434 | D:9      | Slain by a hippogriff

Levels and vault maps discovered:
D:1:      sevenhm_arrival_forest_fort_large_2, layout_basic
D:2:      layout_basic
D:3:      layout_basic, first_ration, chequers_ecumenical_altar_simple,
          minmay_shallow_snake_nest, uniq_terence, uniq_robin, uniq_natasha
D:4:      layout_rooms, grunt_temple_overflow_lords_of_destruction,
          minmay_temple_entry_poolview, wad_floor_pattern_2,
          kennysheep_another_room, uniq_crazy_yiuf_cottage
D:5:      layout_loops_corners, minmay_diced_spiral
D:6:      layout_cave_pools, kennysheep_generic_room_13
D:7:      layout_rooms, lemuel_round_altar, kennysheep_boxes
D:8:      layout_rooms, eat_drink_and_be_merry_uskayaw, serial_shops, shop,
          worms_lemuel
D:9:      layout_long_grid, david_lair_generic, serial_shops, shop,
          minmay_st_funbox, grunt_pizzeria, minmay_lindwurm_lava, uniq_joseph,
          uniq_prince_ribbit1, uniq_maurice, uniq_harold
Temple:   eino_narrow_crystal_temple

Skill      XL: |  1  2  3  4  5  6  7  8  9 10 |
---------------+-------------------------------+-----
Dodging        | 3 4 5 6 7 9 11 12 | 12.2
Transmutations | 3 4 5 6 7 9 11 12 | 12.1
Unarmed Combat | 4 5 6 7 8 |  8.0
Fighting       | |  1.1
Spellcasting   | |  2.0

Action                   |  1- 3 |  4- 6 |  7- 9 | 10-12 || total
-------------------------+-------+-------+-------+-------++-------
Melee: Unarmed           |    18 |   118 |   137 |    17 ||   290
       Headbutt          |    10 |     5 |       |       ||    15
       Dagger            |    93 |    89 |     8 |       ||   190
       Punch             |     1 |     2 |     9 |     3 ||    15
       Trident           |       |       |   219 |    16 ||   235
       Tailslap          |       |       |     5 |       ||     5
 Cast: Beastly Appendage |    18 |     5 |       |       ||    23
       Spider Form       |       |    22 |    17 |       ||    39
       Blade Hands       |       |       |    10 |     2 ||    12
  Use: Scroll            |       |     6 |     5 |       ||    11
       Potion            |       |       |     1 |     1 ||     2
 Stab: Distracted        |     1 |       |       |       ||     1
       Sleeping          |       |       |     1 |       ||     1
  Eat: Chunk             |     1 |     9 |    15 |     1 ||    26
       Ration            |       |       |     1 |       ||     1
Armor: Robe              |    14 |    13 |    12 |       ||    39
       Skin              |       |     9 |     3 |       ||    12
       Scale mail        |       |       |    69 |       ||    69
       Ring mail         |       |       |     8 |    18 ||    26
Dodge: Dodged            |    57 |   131 |   344 |    72 ||   604
